Workbook
Name \0: #REF!
Name \0: #REF!
Name \0: #REF!
Name \0: #REF!
Name \0: #REF!
Name \0: #REF!
Name \0: #REF!
Name \0: #REF!
Name \0: #REF!
Name \0: #REF!
Name \0: #REF!
Name \0: #REF!
Name \0: #REF!
Name \0: #REF!
Name \0: #REF!
Name \00: #REF!
Name \00: #REF!
Name \00: #REF!
Name \00: #REF!
Name \00: #REF!
Name \00: #REF!
Name \00: #REF!
Name \00: #REF!
Name \00: #REF!
Name \00: #REF!
Name \00: #REF!
Name \00: #REF!
Name \00: #REF!
Name \00: #REF!
Name \00: #REF!
Name \a: #REF!
Name \a: #REF!
Name \a: #REF!
Name \a: #REF!
Name \a: #REF!
Name \a: #REF!
Name \a: #REF!
Name \a: #REF!
Name \a: #REF!
Name \a: #REF!
Name \a: #REF!
Name \a: #REF!
Name \a: #REF!
Name \a: #REF!
Name \a: #REF!
Name \a: #REF!
Name \AA: [1]LIQUIDACION!#REF!
Name \AA: [1]LIQUIDACION!#REF!
Name \AA: [1]LIQUIDACION!#REF!
Name \AA: [1]LIQUIDACION!#REF!
Name \AA: [1]LIQUIDACION!#REF!
Name \AA: [1]LIQUIDACION!#REF!
Name \AA: [1]LIQUIDACION!#REF!
Name \AA: [1]LIQUIDACION!#REF!
Name \AA: [1]LIQUIDACION!#REF!
Name \AA: [1]LIQUIDACION!#REF!
Name \AA: [1]LIQUIDACION!#REF!
Name \AA: [1]LIQUIDACION!#REF!
Name \AA: [1]LIQUIDACION!#REF!
Name \AA: [1]LIQUIDACION!#REF!

Sheet PRESUPUESTO OFICIAL (Entidad)
C3: Formulario 1 - Propuesta económica - Documento tipo de licitación de obra pública de infraestructura de transporte - versión 4
C4: Código | D4: CCE-EICP-FM-14 | E4: Versión | F4: 4
C6: FORMULARIO 1
C7: PRESUPUESTO OFICIAL
C8: [La entidad puede utilizar este formulario de detalle del presupuesto oficial para determinar las condiciones bajo las cuales los proponentes analizarán y presentarán su propuesta económica de forma detallada, sin perjuicio que la entidad pueda modificarlo o establecer la presentación de la oferta económica con un formulario distinto al indicado.]
C10: Adicionalmente, cuando el proceso de contratación es estructurado por precios unitarios, la Entidad debe aplicar las notas 1, 2 y 3 del presente formulario y las casillas de "Descripción", "Porcentaje" de la Administración, Imprevisto, Utilidad y total A.I.U. resaltadas en colo amarillo. Tratándose de otras modalidades de precio, la Entidad puede o no configurar los mismos aspectos.
C12: Nº | D12: ITEM DE PAGO | E12: ESPECIFICACIONES | G12: DESCRIPCION | H12: UND. | I12: CANTIDAD | J12: VALOR UNITARIO | K12: VALOR TOTAL
E13: GENERAL | F13: PARTICULAR
D14: CONSTRUCCIÓN DEL PUENTE VEHICULAR Y PEATONAL DENOMINADO EL PUENTE DE LA MIEL UBICADO ENTRE LA CALLE 9 CON CARRERA 10 DEL MUNICIPIO DE SILVANIA DEPARTAMENTO DE CUNDINAMARCA
C15: 1 | D15: 1.1 | E15: 1.41 | F15: ICCU CONSTRUCCIÓN 1,41 | G15: LOCALIZACIÓN Y REPLANTEO DE CIMIENTOS CON ELEMENTOS DE PRECISIÓN | H15: m2 | I15: 12 | J15: =+ROUND(N15*1.33,0) -> 18397 | K15: =+ROUND(I15*J15,0) -> 220764 | N15: 13832
C16: 2 | D16: 2.1 | E16: 600.4 | F16: ICCU VIAS 2,12 | G16: EXCAVACIONES VARIAS EN MATERIAL COMÚN SECO (INCLUYE RETIRO DE SOBRANTES A UNA DISTANCIA MENOR DE 5 KM) | H16: m3 | I16: 62.66 | J16: =+ROUND(N16*1.33,0) -> 34186 | K16: =+ROUND(I16*J16,0) -> 2142095 | N16: 25704
C17: 3 | D17: 3.1 | E17: APU 01 | F17: *** | G17: CAISSON EN CONCRETO VACIADO IN SITU, DE DIÁMETRO 1.50 m. CONCRETO CLASE 28 MPa ( 280 Kg./m) INCLUYE excavación manual, anillos en concreto de 21MPa. INCLUYE ACERO DE REFUERZO | H17: m | I17: 107.4 | J17: =+ROUND(N17*1.33,0) -> 10093425 | K17: =+ROUND(I17*J17,0) -> 1084033845 | N17: 7589041
C18: 4 | D18: 4.1 | E18: 630.6 | F18: ICCU VIAS 4,24 | G18: CONCRETO CLASE F, 2000 PSI PARA SOLADOS Y ATRAQUES | H18: m3 | I18: 2.3 | J18: =+ROUND(N18*1.33,0) -> 641063 | K18: =+ROUND(I18*J18,0) -> 1474445 | N18: 482002
C19: 5 | D19: 5.1 | E19: 630,P | F19: ICCU VIAS 4,4 | G19: CONCRETOS f´c =3500 psi (bases) | H19: m3 | I19: 69 | J19: =+ROUND(N19*1.33,0) -> 1010585 | K19: =+ROUND(I19*J19,0) -> 69730365 | N19: 759838
C20: 6 | D20: 6.1 | E20: 630,P | F20: ICCU VIAS 4,5 | G20: CONCRETOS f´c =3500 psi (elevaciones) | H20: m3 | I20: 49.72 | J20: =+ROUND(N20*1.33,0) -> 1220181 | K20: =+ROUND(I20*J20,0) -> 60667399 | N20: 917429
C21: 7 | D21: 7.1 | E21: 630,P | F21: ICCU VIAS 4,2 | G21: CONCRETOS CLASE C, f´c =4000 psi (placas) | H21: m3 | I21: 180.95 | J21: =+ROUND(N21*1.33,0) -> 1426902 | K21: =+ROUND(I21*J21,0) -> 258197917 | N21: 1072859
C22: 8 | D22: 8.1 | E22: 630,P | F22: ICCU VIAS 4,12 | G22: SUMINISTRO, TRANSPORTE, FABRICACIÓN, ENSAMBLAJE Y MONTAJE DE ACERO A-588/A-709/A-572 GRADO B | H22: Kg | I22: 175769.19 | J22: =+ROUND(N22*1.33,0) -> 35268 | K22: =+ROUND(I22*J22,0) -> 6199027793 | N22: 26517
C23: 9 | D23: 9.1 | E23: APU 02 | F23: *** | G23: PERNOS ACERO INCLUYE TUERCAS | H23: Kg | I23: 1100.13 | J23: =+ROUND(N23*1.33,0) -> 17024 | K23: =+ROUND(I23*J23,0) -> 18728613 | N23: 12800
C24: 10 | D24: 10.1 | E24: 642.1 | F24: ICCU VIAS 4,17 | G24: SUMINISTRO E INSTALACIÓN DE APOYOS ELASTOMÉRICOS | H24: U (dm3) | I24: 135 | J24: =+ROUND(N24*1.33,0) -> 165983 | K24: =+ROUND(I24*J24,0) -> 22407705 | N24: 124799
C25: 11 | D25: 11.1 | E25: 640.1 | F25: ICCU CONSTRUCCIÓN 4,22 | G25: SUMINISTRO FIGURADO Y ARMADO DE ACERO DE REFUERZO 60000 PSI | H25: Kg | I25: 30489.17 | J25: =+ROUND(N25*1.33,0) -> 10808 | K25: =+ROUND(I25*J25,0) -> 329526949 | N25: 8126
C26: 12 | D26: 12.1 | E26: *** | F26: ICCU VIAS 4,20 | G26: DREN TUBERIA PVC SANITARIA , D=4" ( PUENTES) | H26: UNIDAD | I26: 50 | J26: =+ROUND(N26*1.33,0) -> 32798 | K26: =+ROUND(I26*J26,0) -> 1639900 | N26: 24660
C27: 13 | D27: 13.1 | E27: 632,P | F27: ICCU VIAS 4,19 | G27: BARANDA METÁLICA | H27: m | I27: 120 | J27: =+ROUND(N27*1.33,0) -> 834330 | K27: =+ROUND(I27*J27,0) -> 100119600 | N27: 627316
C28: 14 | D28: 14.1 | E28: *** | F28: *** | G28: JUNTA DE DILATACION | H28: m | I28: 16.4 | J28: =+ROUND(N28*1.33,0) -> 438900 | K28: =+ROUND(I28*J28,0) -> 7197960 | N28: 330000
C29: 15 | D29: 15.1 | E29: 610.1 | F29: ICCU VIAS 4,23 | G29: RELLENO PARA ESTRUCTURAS | H29: m3 | I29: 820 | J29: =+ROUND(N29*1.33,0) -> 159946 | K29: =+ROUND(I29*J29,0) -> 131155720 | N29: 120260
C30: SUBTOTAL OBRAS | K30: =SUM(K15:K29) -> 8286271070
G32: SUBTOTAL OBRAS (INCLUYE IVA) | K32: =+K30 -> 8286271070
G33: AJUSTE AL PESO SEGÚN CONVENIO ICCU 902 DE 2025 | K33: =8286189525-K32 -> -81545
G34: VALOR TOTAL | K34: =+K32+K33 -> 8286189525
C37: NOTA 1: Se debe tener en cuenta que el PRECIO UNITARIO incluye el valor de A.I.U. | H37: DESCRIPCION | K37: PORCENTAJE
C38: NOTA 2: Cuando la fracción decimal del peso sea igual o superior a 5 se aproximara por exceso al número entero siguiente del peso y cuando la fracción decimal del peso sea inferior a 5 se aproximará por defecto al número entero del peso. | H38: ADMINISTRACION | J38: A= | K38: 0.25
C39: NOTA 3: El A.I.U y su discriminación deben estar en porcentaje (%). | H39: IMPREVISTO | J39: I= | K39: 0.03
H40: UTILIDAD | J40: U= | K40: 0.05
H41: TOTAL A.I.U | J41: A.I.U.= | K41: =SUM(K38:K40) -> 0.33

Sheet 1,1
C3: Formulario 1 - Propuesta económica - Documento tipo de selección abreviada de menor cuantía - versión 3
C4: Código | D4: CCE-EICP-FM-25 | E4: Versión | F4: 3
C6: [La entidad podrá utilizar este formato para la presentación de los análisis de precios unitarios el contratista en la oportunidad prevista en el numeral 8.1. del Documento Base]
D9: MUNICIPIO DE SILVANIA
L10: VERSIÓN
D11: [NÚMERO DEL PROCESO]
L12: PÁGINA | M12: 1 | N12: DE | O12: 1
D14: ANALISIS DE PRECIOS UNITARIOS
L16: FECHA | M16: DD | N16: MM | O16: AA
M17: 20 | N17: 10 | O17: 2025
C18: ITEMS DE LA PROPUESTA ECONÓMICA | I18: ITEMS NO PREVISTOS
E19: X
C22: DATOS ESPECÍFICOS
C24: ITEM | D24: DESCRIPCIÓN | M24: UNIDAD | O24: CANTIDAD
C25: 1.1 | D25: =+'PRESUPUESTO OFICIAL (Entidad)'!G15 -> LOCALIZACIÓN Y REPLANTEO DE CIMIENTOS CON ELEMENTOS DE PRECISIÓN | M25: =+'PRESUPUESTO OFICIAL (Entidad)'!H15 -> m2 | O25: =+'PRESUPUESTO OFICIAL (Entidad)'!I15 -> 12
C26: I. EQUIPO
C29: DESCRIPCIÓN | H29: MARCA | J29: TIPO | L29: TARIFA/HORA | M29: RENDIMIENTO | O29: Vr. UNITARIO
C30: ESTACIÓN DE TOPOGRAFÍA | J30: D | L30: 159963 | M30: 150 | O30: =+L30/M30 -> 1066.42
C33: SUBTOTAL $ | O33: =SUM(O30:O32) -> 1066.42
C34: II. MATERIALES
C37: DESCRIPCIÓN | K37: UNIDAD | L37: CANTIDAD | M37: PRECIO UNIT. | O37: Vr. UNITARIO
C38: DURMIENTE ORDINARIO | K38: ML | L38: 1 | M38: 3320 | O38: =+L38*M38 -> 3320
C39: PUNTILLA CON CABEZA 2" | K39: LB | L39: 0.5 | M39: 6489 | O39: =+L39*M39 -> 3244.5
C40: HILO ROJO | K40: ML | L40: 4 | M40: 226 | O40: =+L40*M40 -> 904
C41: ESTACA DE MADERA | K41: UN | L41: 4 | M41: 542 | O41: =+L41*M41 -> 2168
C42: MOJÓN EN CONCRET | K42: UN | L42: 0.05 | M42: 16272 | O42: =+L42*M42 -> 813.6
C43: SUBTOTAL $ | O43: =SUM(O38:O42) -> 10450.1
C44: III. TRANSPORTES
C47: MATERIAL | J47: VOL. o PESO | K47: DISTANCIA | L47: M3 o Ton/Km | M47: TARIFA | O47: Vr. UNITARIO
C50: SUBTOTAL $ | O50: =SUM(O48:O49) -> 0
C51: IV. MANO DE OBRA
C54: TRABAJADOR | J54: JORNAL | K54: PRESTACIONES | L54: JORNAL TOTAL | M54: RENDIMIENTO | O54: Vr. UNITARIO
C55: TOPOGRAFO | J55: 59304.83 | K55: 2.2 | L55: =+J55*K55 -> 130470.63 | M55: 150 | O55: =+L55/M55 -> 869.80417
C56: CADENERO | J56: 36854.53 | K56: 2.2 | L56: =+J56*K56 -> 81079.966 | M56: 150 | O56: =+L56/M56 -> 540.53311
C57: AYUDANTE (1) AA | J57: 61685 | K57: 2.2 | L57: =+J57*K57 -> 135707 | M57: 150 | O57: =+L57/M57 -> 904.71333
C59: SUBTOTAL $ | O59: =SUM(O55:O58) -> 2315.0506
C61: TOTAL COSTO DIRECTO $ | O61: =ROUND(O33+O43+O50+O59,0) -> 13832
C62: V. COSTOS INDIRECTOS
C65: Descripción | L65: Porcentaje | M65: Valor Total
C66: ADMINISTRACION | L66: 0.25 | M66: =+L66*O61 -> 3458
C67: IMPREVISTOS | L67: 0.03 | M67: =+L67*O61 -> 414.96
C68: UTILIDAD | L68: 0.05 | M68: =+L68*O61 -> 691.6
C69: SUBTOTAL $ | O69: =SUM(M66:N68) -> 4564.56
C71: Precio Unitario Total Aproximado al peso $ | O71: =+ROUND(O61+O69,0) -> 18397
H75: Firma
H76: Nombre:
H77: Representante Legal del Contratista o su Apoderado
H78: Matricula No. :
C80: OBSERVACIONES INTERVENTORÍA
C84: APROBACIÓN POR INTERVENTORÍA
C85: Nota 1: Cuando se trate de Análisis de precios unitarios correspondientes a ítems de la propuesta económica aprobada, el Interventor aprueba el desglose de los componentes manteniendo el mismo precio unitario de cada ítem, cumpliendo con las especificaciones de construcción vigentes para el proyecto.
C87: Nota 2: Cuando se trate de Análisis de precios unitarios de ítems no previstos, el Interventor aprueba el desglose y precio unitario de cada ítem no previsto, exigiendo la aplicación de los costos correspondientes a insumos y tarifas de la propuesta económica inicial cuando estén contemplados, cumpliendo con las especificaciones de construcción vigente para el proyecto.
H90: Firma
H91: Nombre:
H92: Representante Legal del Interventor o su Apoderado
H93: Matricula No. :

Sheet 2,1
C3: Formulario 1 - Propuesta económica - Documento tipo de selección abreviada de menor cuantía - versión 3
C4: Código | D4: CCE-EICP-FM-25 | E4: Versión | F4: 3
C6: [La entidad podrá utilizar este formato para la presentación de los análisis de precios unitarios el contratista en la oportunidad prevista en el numeral 8.1. del Documento Base]
D9: MUNICIPIO DE SILVANIA
L10: VERSIÓN
D11: [NÚMERO DEL PROCESO]
L12: PÁGINA | M12: 1 | N12: DE | O12: 1
D14: ANALISIS DE PRECIOS UNITARIOS
L16: FECHA | M16: DD | N16: MM | O16: AA
M17: 20 | N17: 10 | O17: 2025
C18: ITEMS DE LA PROPUESTA ECONÓMICA | I18: ITEMS NO PREVISTOS
E19: X
C22: DATOS ESPECÍFICOS
C24: ITEM | D24: DESCRIPCIÓN | M24: UNIDAD | O24: CANTIDAD
C25: 2.1 | D25: =+'PRESUPUESTO OFICIAL (Entidad)'!G16 -> EXCAVACIONES VARIAS EN MATERIAL COMÚN SECO (INCLUYE RETIRO DE SOBRANTES A UNA DISTANCIA MENOR DE 5 KM) | M25: =+'PRESUPUESTO OFICIAL (Entidad)'!H16 -> m3 | O25: =+'PRESUPUESTO OFICIAL (Entidad)'!I16 -> 62.66
C26: I. EQUIPO
C29: DESCRIPCIÓN | H29: MARCA | J29: TIPO | L29: TARIFA/HORA | M29: RENDIMIENTO | O29: Vr. UNITARIO
C30: RETROEXCAVADORA 75 HP | J30: H | L30: 156627 | M30: 30 | O30: =+L30/M30 -> 5220.9
C31: HERRAMIENTA MENOR | J31: GL | L31: 85.08 | M31: 1 | O31: =+L31/M31 -> 85.08
C33: SUBTOTAL $ | O33: =SUM(O30:O32) -> 5305.98
C34: II. MATERIALES
C37: DESCRIPCIÓN | K37: UNIDAD | L37: CANTIDAD | M37: PRECIO UNIT. | O37: Vr. UNITARIO
C38: DERECHO A BOTADERO | K38: M3 | L38: 1 | M38: 7419 | O38: =+L38*M38 -> 7419
C40: SUBTOTAL $ | O40: =SUM(O38:O39) -> 7419
C41: III. TRANSPORTES
C44: MATERIAL | J44: VOL. o PESO | K44: DISTANCIA | L44: M3 o Ton/Km | M44: TARIFA | O44: Vr. UNITARIO
C45: MATERIAL EXCAVADO | J45: 1.3 | K45: 5 | L45: =+J45*K45 -> 6.5 | M45: 1735 | O45: =+L45*M45 -> 11277.5
C47: SUBTOTAL $ | O47: =SUM(O45:O46) -> 11277.5
C48: IV. MANO DE OBRA
C51: TRABAJADOR | J51: JORNAL | K51: PRESTACIONES | L51: JORNAL TOTAL | M51: RENDIMIENTO | O51: Vr. UNITARIO
C52: OFICIAL (1) AA | J52: 93002 | K52: 2.2 | L52: =+J52*K52 -> 204604.4 | M52: 200 | O52: =+L52/M52 -> 1023.022
C53: AYUDANTE (1) AA | J53: 61685 | K53: 2.2 | L53: =+J53*K53 -> 135707 | M53: 200 | O53: =+L53/M53 -> 678.535
C56: SUBTOTAL $ | O56: =SUM(O52:O55) -> 1701.557
C58: TOTAL COSTO DIRECTO $ | O58: =ROUND(O33+O40+O47+O56,0) -> 25704
C59: V. COSTOS INDIRECTOS
C62: Descripción | L62: Porcentaje | M62: Valor Total
C63: ADMINISTRACION | L63: 0.25 | M63: =+L63*O58 -> 6426
C64: IMPREVISTOS | L64: 0.03 | M64: =+L64*O58 -> 771.12
C65: UTILIDAD | L65: 0.05 | M65: =+L65*O58 -> 1285.2
C66: SUBTOTAL $ | O66: =SUM(M63:N65) -> 8482.32
C68: Precio Unitario Total Aproximado al peso $ | O68: =+ROUND(O58+O66,0) -> 34186
H72: Firma
H73: Nombre:
H74: Representante Legal del Contratista o su Apoderado
H75: Matricula No. :
C77: OBSERVACIONES INTERVENTORÍA
C81: APROBACIÓN POR INTERVENTORÍA
C82: Nota 1: Cuando se trate de Análisis de precios unitarios correspondientes a ítems de la propuesta económica aprobada, el Interventor aprueba el desglose de los componentes manteniendo el mismo precio unitario de cada ítem, cumpliendo con las especificaciones de construcción vigentes para el proyecto.
C84: Nota 2: Cuando se trate de Análisis de precios unitarios de ítems no previstos, el Interventor aprueba el desglose y precio unitario de cada ítem no previsto, exigiendo la aplicación de los costos correspondientes a insumos y tarifas de la propuesta económica inicial cuando estén contemplados, cumpliendo con las especificaciones de construcción vigente para el proyecto.
H87: Firma
H88: Nombre:
H89: Representante Legal del Interventor o su Apoderado
H90: Matricula No. :

Sheet 3,1
C3: Formulario 1 - Propuesta económica - Documento tipo de selección abreviada de menor cuantía - versión 3
C4: Código | D4: CCE-EICP-FM-25 | E4: Versión | F4: 3
C6: [La entidad podrá utilizar este formato para la presentación de los análisis de precios unitarios el contratista en la oportunidad prevista en el numeral 8.1. del Documento Base]
D9: MUNICIPIO DE SILVANIA
L10: VERSIÓN
D11: [NÚMERO DEL PROCESO]
L12: PÁGINA | M12: 1 | N12: DE | O12: 1
D14: ANALISIS DE PRECIOS UNITARIOS
L16: FECHA | M16: DD | N16: MM | O16: AA
M17: 20 | N17: 10 | O17: 2025
C18: ITEMS DE LA PROPUESTA ECONÓMICA | I18: ITEMS NO PREVISTOS
E19: X
C22: DATOS ESPECÍFICOS
C24: ITEM | D24: DESCRIPCIÓN | M24: UNIDAD | O24: CANTIDAD
C25: 3.1 | D25: =+'PRESUPUESTO OFICIAL (Entidad)'!G17 -> CAISSON EN CONCRETO VACIADO IN SITU, DE DIÁMETRO 1.50 m. CONCRETO CLASE 28 MPa ( 280 Kg./m) INCLUYE excavación manual, anillos en concreto de 21MPa. INCLUYE ACERO DE REFUERZO | M25: =+'PRESUPUESTO OFICIAL (Entidad)'!H17 -> m | O25: =+'PRESUPUESTO OFICIAL (Entidad)'!I17 -> 107.4
C26: I. EQUIPO
C29: DESCRIPCIÓN | H29: MARCA | J29: TIPO | L29: TARIFA/HORA | M29: RENDIMIENTO | O29: Vr. UNITARIO
C30: HERRAMIENTA MENOR | J30: 5% MO | L30: =5%*O58 -> 138671.68 | M30: 1 | O30: =+L30/M30 -> 138671.68
C31: VIBRADOR PARA CONCRETO | J31: D | L31: 82435 | M31: 0.3 | O31: =+L31/M31 -> 274783.33
C32: MOTOBOMBA | J32: D | L32: 90679 | M32: 0.2 | O32: =+L32/M32 -> 453395
C34: SUBTOTAL $ | O34: =SUM(O30:O33) -> 866850.01
C35: II. MATERIALES
C38: DESCRIPCIÓN | K38: UNIDAD | L38: CANTIDAD | M38: PRECIO UNIT. | O38: Vr. UNITARIO
C39: CONCRETO 4000 PSI | K39: M3 | L39: 1.77 | M39: 538793 | O39: =+L39*M39 -> 953663.61
C40: CONCRETO 3000 PSI | K40: M3 | L40: 0.6 | M40: 473293 | O40: =+L40*M40 -> 283975.8
C41: ACERO DE REFUERZO FIGURADO 60000 PSI | K41: KG | L41: 333.635 | M41: 8126 | O41: =+L41*M41 -> 2711118
C42: SUBTOTAL $ | O42: =SUM(O39:O41) -> 3948757.4
C43: III. TRANSPORTES
C46: MATERIAL | J46: VOL. o PESO | K46: DISTANCIA | L46: M3 o Ton/Km | M46: TARIFA | O46: Vr. UNITARIO
C49: SUBTOTAL $ | O49: =SUM(O47:O48) -> 0
C50: IV. MANO DE OBRA
C53: TRABAJADOR | J53: JORNAL | K53: PRESTACIONES | L53: JORNAL TOTAL | M53: RENDIMIENTO | O53: Vr. UNITARIO
C54: OFICIAL (1) AA | J54: 93002 | K54: 2.2 | L54: =+J54*K54 -> 204604.4 | M54: 10 | O54: =+L54*M54 -> 2046044
C55: AYUDANTE (8) AA | J55: 493480 | K55: 2.2 | L55: =+J55*K55 -> 1085656 | M55: 0.67 | O55: =+L55*M55 -> 727389.52
C58: SUBTOTAL $ | O58: =SUM(O54:O57) -> 2773433.5
C60: TOTAL COSTO DIRECTO $ | O60: =ROUND(O34+O42+O49+O58,0) -> 7589041
C61: V. COSTOS INDIRECTOS
C64: Descripción | L64: Porcentaje | M64: Valor Total
C65: ADMINISTRACION | L65: 0.25 | M65: =+L65*O60 -> 1897260.2
C66: IMPREVISTOS | L66: 0.03 | M66: =+L66*O60 -> 227671.23
C67: UTILIDAD | L67: 0.05 | M67: =+L67*O60 -> 379452.05
C68: SUBTOTAL $ | O68: =SUM(M65:N67) -> 2504383.5
C70: Precio Unitario Total Aproximado al peso $ | O70: =+ROUND(O60+O68,0) -> 10093425
H74: Firma
H75: Nombre:
H76: Representante Legal del Contratista o su Apoderado
H77: Matricula No. :
C79: OBSERVACIONES INTERVENTORÍA
C83: APROBACIÓN POR INTERVENTORÍA
C84: Nota 1: Cuando se trate de Análisis de precios unitarios correspondientes a ítems de la propuesta económica aprobada, el Interventor aprueba el desglose de los componentes manteniendo el mismo precio unitario de cada ítem, cumpliendo con las especificaciones de construcción vigentes para el proyecto.
C86: Nota 2: Cuando se trate de Análisis de precios unitarios de ítems no previstos, el Interventor aprueba el desglose y precio unitario de cada ítem no previsto, exigiendo la aplicación de los costos correspondientes a insumos y tarifas de la propuesta económica inicial cuando estén contemplados, cumpliendo con las especificaciones de construcción vigente para el proyecto.
H89: Firma
H90: Nombre:
H91: Representante Legal del Interventor o su Apoderado
H92: Matricula No. :

Sheet 4,1
C3: Formulario 1 - Propuesta económica - Documento tipo de selección abreviada de menor cuantía - versión 3
C4: Código | D4: CCE-EICP-FM-25 | E4: Versión | F4: 3
C6: [La entidad podrá utilizar este formato para la presentación de los análisis de precios unitarios el contratista en la oportunidad prevista en el numeral 8.1. del Documento Base]
D9: MUNICIPIO DE SILVANIA
L10: VERSIÓN
D11: [NÚMERO DEL PROCESO]
L12: PÁGINA | M12: 1 | N12: DE | O12: 1
D14: ANALISIS DE PRECIOS UNITARIOS
L16: FECHA | M16: DD | N16: MM | O16: AA
M17: 20 | N17: 10 | O17: 2025
C18: ITEMS DE LA PROPUESTA ECONÓMICA | I18: ITEMS NO PREVISTOS
E19: X
C22: DATOS ESPECÍFICOS
C24: ITEM | D24: DESCRIPCIÓN | M24: UNIDAD | O24: CANTIDAD
C25: 4.1 | D25: =+'PRESUPUESTO OFICIAL (Entidad)'!G18 -> CONCRETO CLASE F, 2000 PSI PARA SOLADOS Y ATRAQUES | M25: =+'PRESUPUESTO OFICIAL (Entidad)'!H18 -> m3 | O25: =+'PRESUPUESTO OFICIAL (Entidad)'!I18 -> 2.3
C26: I. EQUIPO
C29: DESCRIPCIÓN | H29: MARCA | J29: TIPO | L29: TARIFA/HORA | M29: RENDIMIENTO | O29: Vr. UNITARIO
C30: HERRAMIENTA MENOR | J30: GL | L30: 3966.82 | M30: 1 | O30: =+L30/M30 -> 3966.82
C34: SUBTOTAL $ | O34: =SUM(O30:O33) -> 3966.82
C35: II. MATERIALES
C38: DESCRIPCIÓN | K38: UNIDAD | L38: CANTIDAD | M38: PRECIO UNIT. | O38: Vr. UNITARIO
C39: CONCRETO 2000 PSI | K39: M3 | L39: 1.01 | M39: 394751 | O39: =+L39*M39 -> 398698.51
C42: SUBTOTAL $ | O42: =SUM(O39:O41) -> 398698.51
C43: III. TRANSPORTES
C46: MATERIAL | J46: VOL. o PESO | K46: DISTANCIA | L46: M3 o Ton/Km | M46: TARIFA | O46: Vr. UNITARIO
C49: SUBTOTAL $ | O49: =SUM(O47:O48) -> 0
C50: IV. MANO DE OBRA
C53: TRABAJADOR | J53: JORNAL | K53: PRESTACIONES | L53: JORNAL TOTAL | M53: RENDIMIENTO | O53: Vr. UNITARIO
C54: OFICIAL (1) AA | J54: 93002 | K54: 2.2 | L54: =+J54*K54 -> 204604.4 | M54: 6 | O54: =+L54/M54 -> 34100.733
C55: AYUDANTE (2) AA | J55: 123370 | K55: 2.2 | L55: =+J55*K55 -> 271414 | M55: 6 | O55: =+L55/M55 -> 45235.667
C58: SUBTOTAL $ | O58: =SUM(O54:O57) -> 79336.4
C60: TOTAL COSTO DIRECTO $ | O60: =ROUND(O34+O42+O49+O58,0) -> 482002
C61: V. COSTOS INDIRECTOS
C64: Descripción | L64: Porcentaje | M64: Valor Total
C65: ADMINISTRACION | L65: 0.25 | M65: =+L65*O60 -> 120500.5
C66: IMPREVISTOS | L66: 0.03 | M66: =+L66*O60 -> 14460.06
C67: UTILIDAD | L67: 0.05 | M67: =+L67*O60 -> 24100.1
C68: SUBTOTAL $ | O68: =SUM(M65:N67) -> 159060.66
C70: Precio Unitario Total Aproximado al peso $ | O70: =+ROUND(O60+O68,0) -> 641063
H74: Firma
H75: Nombre:
H76: Representante Legal del Contratista o su Apoderado
H77: Matricula No. :
C79: OBSERVACIONES INTERVENTORÍA
C83: APROBACIÓN POR INTERVENTORÍA
C84: Nota 1: Cuando se trate de Análisis de precios unitarios correspondientes a ítems de la propuesta económica aprobada, el Interventor aprueba el desglose de los componentes manteniendo el mismo precio unitario de cada ítem, cumpliendo con las especificaciones de construcción vigentes para el proyecto.
C86: Nota 2: Cuando se trate de Análisis de precios unitarios de ítems no previstos, el Interventor aprueba el desglose y precio unitario de cada ítem no previsto, exigiendo la aplicación de los costos correspondientes a insumos y tarifas de la propuesta económica inicial cuando estén contemplados, cumpliendo con las especificaciones de construcción vigente para el proyecto.
H89: Firma
H90: Nombre:
H91: Representante Legal del Interventor o su Apoderado
H92: Matricula No. :

Sheet 5,1
C3: Formulario 1 - Propuesta económica - Documento tipo de selección abreviada de menor cuantía - versión 3
C4: Código | D4: CCE-EICP-FM-25 | E4: Versión | F4: 3
C6: [La entidad podrá utilizar este formato para la presentación de los análisis de precios unitarios el contratista en la oportunidad prevista en el numeral 8.1. del Documento Base]
D9: MUNICIPIO DE SILVANIA
L10: VERSIÓN
D11: [NÚMERO DEL PROCESO]
L12: PÁGINA | M12: 1 | N12: DE | O12: 1
D14: ANALISIS DE PRECIOS UNITARIOS
L16: FECHA | M16: DD | N16: MM | O16: AA
M17: 20 | N17: 10 | O17: 2025
C18: ITEMS DE LA PROPUESTA ECONÓMICA | I18: ITEMS NO PREVISTOS
E19: X
C22: DATOS ESPECÍFICOS
C24: ITEM | D24: DESCRIPCIÓN | M24: UNIDAD | O24: CANTIDAD
C25: 5.1 | D25: =+'PRESUPUESTO OFICIAL (Entidad)'!G19 -> CONCRETOS f´c =3500 psi (bases) | M25: =+'PRESUPUESTO OFICIAL (Entidad)'!H19 -> m3 | O25: =+'PRESUPUESTO OFICIAL (Entidad)'!I19 -> 69
C26: I. EQUIPO
C29: DESCRIPCIÓN | H29: MARCA | J29: TIPO | L29: TARIFA/HORA | M29: RENDIMIENTO | O29: Vr. UNITARIO
C30: VIBRADOR PARA CONCRETO | J30: D | L30: 82435 | M30: 5 | O30: =+L30/M30 -> 16487
C31: FORMALETA | J31: M2 | L31: 16007 | M31: 0.8 | O31: =+L31/M31 -> 20008.75
C32: HERRAMIENTA MENOR | J32: GL | L32: 11332.11 | M32: 1 | O32: =+L32/M32 -> 11332.11
C34: SUBTOTAL $ | O34: =SUM(O30:O33) -> 47827.86
C35: II. MATERIALES
C38: DESCRIPCIÓN | K38: UNIDAD | L38: CANTIDAD | M38: PRECIO UNIT. | O38: Vr. UNITARIO
C39: CONCRETO 3500 PSI | K39: M3 | L39: 1.01 | M39: 472995 | O39: =+L39*M39 -> 477724.95
C40: ADITIVOS | K40: LT | L40: 0.3 | M40: 25476 | O40: =+L40*M40 -> 7642.8
C42: SUBTOTAL $ | O42: =SUM(O39:O41) -> 485367.75
C43: III. TRANSPORTES
C46: MATERIAL | J46: VOL. o PESO | K46: DISTANCIA | L46: M3 o Ton/Km | M46: TARIFA | O46: Vr. UNITARIO
C49: SUBTOTAL $ | O49: =SUM(O47:O48) -> 0
C50: IV. MANO DE OBRA
C53: TRABAJADOR | J53: JORNAL | K53: PRESTACIONES | L53: JORNAL TOTAL | M53: RENDIMIENTO | O53: Vr. UNITARIO
C54: OFICIAL (2) AA | J54: 186004 | K54: 2.2 | L54: =+J54*K54 -> 409208.8 | M54: 4.5 | O54: =+L54/M54 -> 90935.289
C55: AYUDANTE (4) AA | J55: 246740 | K55: 2.2 | L55: =+J55*K55 -> 542828 | M55: 4 | O55: =+L55/M55 -> 135707
C58: SUBTOTAL $ | O58: =SUM(O54:O57) -> 226642.29
C60: TOTAL COSTO DIRECTO $ | O60: =ROUND(O34+O42+O49+O58,0) -> 759838
C61: V. COSTOS INDIRECTOS
C64: Descripción | L64: Porcentaje | M64: Valor Total
C65: ADMINISTRACION | L65: 0.25 | M65: =+L65*O60 -> 189959.5
C66: IMPREVISTOS | L66: 0.03 | M66: =+L66*O60 -> 22795.14
C67: UTILIDAD | L67: 0.05 | M67: =+L67*O60 -> 37991.9
C68: SUBTOTAL $ | O68: =SUM(M65:N67) -> 250746.54
C70: Precio Unitario Total Aproximado al peso $ | O70: =+ROUND(O60+O68,0) -> 1010585
H74: Firma
H75: Nombre:
H76: Representante Legal del Contratista o su Apoderado
H77: Matricula No. :
C79: OBSERVACIONES INTERVENTORÍA
C83: APROBACIÓN POR INTERVENTORÍA
C84: Nota 1: Cuando se trate de Análisis de precios unitarios correspondientes a ítems de la propuesta económica aprobada, el Interventor aprueba el desglose de los componentes manteniendo el mismo precio unitario de cada ítem, cumpliendo con las especificaciones de construcción vigentes para el proyecto.
C86: Nota 2: Cuando se trate de Análisis de precios unitarios de ítems no previstos, el Interventor aprueba el desglose y precio unitario de cada ítem no previsto, exigiendo la aplicación de los costos correspondientes a insumos y tarifas de la propuesta económica inicial cuando estén contemplados, cumpliendo con las especificaciones de construcción vigente para el proyecto.
H89: Firma
H90: Nombre:
H91: Representante Legal del Interventor o su Apoderado
H92: Matricula No. :

Sheet 6,1
C3: Formulario 1 - Propuesta económica - Documento tipo de selección abreviada de menor cuantía - versión 3
C4: Código | D4: CCE-EICP-FM-25 | E4: Versión | F4: 3
C6: [La entidad podrá utilizar este formato para la presentación de los análisis de precios unitarios el contratista en la oportunidad prevista en el numeral 8.1. del Documento Base]
D9: MUNICIPIO DE SILVANIA
L10: VERSIÓN
D11: [NÚMERO DEL PROCESO]
L12: PÁGINA | M12: 1 | N12: DE | O12: 1
D14: ANALISIS DE PRECIOS UNITARIOS
L16: FECHA | M16: DD | N16: MM | O16: AA
M17: 20 | N17: 10 | O17: 2025
C18: ITEMS DE LA PROPUESTA ECONÓMICA | I18: ITEMS NO PREVISTOS
E19: X
C22: DATOS ESPECÍFICOS
C24: ITEM | D24: DESCRIPCIÓN | M24: UNIDAD | O24: CANTIDAD
C25: 6.1 | D25: =+'PRESUPUESTO OFICIAL (Entidad)'!G20 -> CONCRETOS f´c =3500 psi (elevaciones) | M25: =+'PRESUPUESTO OFICIAL (Entidad)'!H20 -> m3 | O25: =+'PRESUPUESTO OFICIAL (Entidad)'!I20 -> 49.72
C26: I. EQUIPO
C29: DESCRIPCIÓN | H29: MARCA | J29: TIPO | L29: TARIFA/HORA | M29: RENDIMIENTO | O29: Vr. UNITARIO
C30: VIBRADOR PARA CONCRETO | J30: D | L30: 82435 | M30: 4 | O30: =+L30/M30 -> 20608.75
C31: FORMALETA | J31: M2 | L31: 16007 | M31: 0.45 | O31: =+L31/M31 -> 35571.111
C32: HERRAMIENTA MENOR | J32: GL | L32: 16998.17 | M32: 1 | O32: =+L32/M32 -> 16998.17
C34: SUBTOTAL $ | O34: =SUM(O30:O33) -> 73178.031
C35: II. MATERIALES
C38: DESCRIPCIÓN | K38: UNIDAD | L38: CANTIDAD | M38: PRECIO UNIT. | O38: Vr. UNITARIO
C39: CONCRETO 3500 PSI | K39: M3 | L39: 1.05 | M39: 472995 | O39: =+L39*M39 -> 496644.75
C40: ADITIVOS | K40: LT | L40: 0.3 | M40: 25476 | O40: =+L40*M40 -> 7642.8
C42: SUBTOTAL $ | O42: =SUM(O39:O41) -> 504287.55
C43: III. TRANSPORTES
C46: MATERIAL | J46: VOL. o PESO | K46: DISTANCIA | L46: M3 o Ton/Km | M46: TARIFA | O46: Vr. UNITARIO
C49: SUBTOTAL $ | O49: =SUM(O47:O48) -> 0
C50: IV. MANO DE OBRA
C53: TRABAJADOR | J53: JORNAL | K53: PRESTACIONES | L53: JORNAL TOTAL | M53: RENDIMIENTO | O53: Vr. UNITARIO
C54: OFICIAL (3) AA | J54: 279006 | K54: 2.2 | L54: =+J54*K54 -> 613813.2 | M54: 4.5 | O54: =+L54/M54 -> 136402.93
C55: AYUDANTE (6) AA | J55: 370110 | K55: 2.2 | L55: =+J55*K55 -> 814242 | M55: 4 | O55: =+L55/M55 -> 203560.5
C58: SUBTOTAL $ | O58: =SUM(O54:O57) -> 339963.43
C60: TOTAL COSTO DIRECTO $ | O60: =ROUND(O34+O42+O49+O58,0) -> 917429
C61: V. COSTOS INDIRECTOS
C64: Descripción | L64: Porcentaje | M64: Valor Total
C65: ADMINISTRACION | L65: 0.25 | M65: =+L65*O60 -> 229357.25
C66: IMPREVISTOS | L66: 0.03 | M66: =+L66*O60 -> 27522.87
C67: UTILIDAD | L67: 0.05 | M67: =+L67*O60 -> 45871.45
C68: SUBTOTAL $ | O68: =SUM(M65:N67) -> 302751.57
C70: Precio Unitario Total Aproximado al peso $ | O70: =+ROUND(O60+O68,0) -> 1220181
H74: Firma
H75: Nombre:
H76: Representante Legal del Contratista o su Apoderado
H77: Matricula No. :
C79: OBSERVACIONES INTERVENTORÍA
C83: APROBACIÓN POR INTERVENTORÍA
C84: Nota 1: Cuando se trate de Análisis de precios unitarios correspondientes a ítems de la propuesta económica aprobada, el Interventor aprueba el desglose de los componentes manteniendo el mismo precio unitario de cada ítem, cumpliendo con las especificaciones de construcción vigentes para el proyecto.
C86: Nota 2: Cuando se trate de Análisis de precios unitarios de ítems no previstos, el Interventor aprueba el desglose y precio unitario de cada ítem no previsto, exigiendo la aplicación de los costos correspondientes a insumos y tarifas de la propuesta económica inicial cuando estén contemplados, cumpliendo con las especificaciones de construcción vigente para el proyecto.
H89: Firma
H90: Nombre:
H91: Representante Legal del Interventor o su Apoderado
H92: Matricula No. :

Sheet 7,1
C3: Formulario 1 - Propuesta económica - Documento tipo de selección abreviada de menor cuantía - versión 3
C4: Código | D4: CCE-EICP-FM-25 | E4: Versión | F4: 3
C6: [La entidad podrá utilizar este formato para la presentación de los análisis de precios unitarios el contratista en la oportunidad prevista en el numeral 8.1. del Documento Base]
D9: MUNICIPIO DE SILVANIA
L10: VERSIÓN
D11: [NÚMERO DEL PROCESO]
L12: PÁGINA | M12: 1 | N12: DE | O12: 1
D14: ANALISIS DE PRECIOS UNITARIOS
L16: FECHA | M16: DD | N16: MM | O16: AA
M17: 20 | N17: 10 | O17: 2025
C18: ITEMS DE LA PROPUESTA ECONÓMICA | I18: ITEMS NO PREVISTOS
E19: X
C22: DATOS ESPECÍFICOS
C24: ITEM | D24: DESCRIPCIÓN | M24: UNIDAD | O24: CANTIDAD
C25: 7.1 | D25: =+'PRESUPUESTO OFICIAL (Entidad)'!G21 -> CONCRETOS CLASE C, f´c =4000 psi (placas) | M25: =+'PRESUPUESTO OFICIAL (Entidad)'!H21 -> m3 | O25: =+'PRESUPUESTO OFICIAL (Entidad)'!I21 -> 180.95
C26: I. EQUIPO
C29: DESCRIPCIÓN | H29: MARCA | J29: TIPO | L29: TARIFA/HORA | M29: RENDIMIENTO | O29: Vr. UNITARIO
C30: VIBRADOR PARA CONCRETO | J30: D | L30: 82435 | M30: 4 | O30: =+L30/M30 -> 20608.75
C31: FORMALETA | J31: M2 | L31: 16007 | M31: 0.12 | O31: =+L31/M31 -> 133391.67
C32: HERRAMIENTA MENOR | J32: GL | L32: 17477.87 | M32: 1 | O32: =+L32/M32 -> 17477.87
C34: SUBTOTAL $ | O34: =SUM(O30:O33) -> 171478.29
C35: II. MATERIALES
C38: DESCRIPCIÓN | K38: UNIDAD | L38: CANTIDAD | M38: PRECIO UNIT. | O38: Vr. UNITARIO
C39: CONCRETO 4000 PSI | K39: M3 | L39: 1.01 | M39: 538793 | O39: =+L39*M39 -> 544180.93
C40: ADITIVOS | K40: LT | L40: 0.3 | M40: 25476 | O40: =+L40*M40 -> 7642.8
C42: SUBTOTAL $ | O42: =SUM(O39:O41) -> 551823.73
C43: III. TRANSPORTES
C46: MATERIAL | J46: VOL. o PESO | K46: DISTANCIA | L46: M3 o Ton/Km | M46: TARIFA | O46: Vr. UNITARIO
C49: SUBTOTAL $ | O49: =SUM(O47:O48) -> 0
C50: IV. MANO DE OBRA
C53: TRABAJADOR | J53: JORNAL | K53: PRESTACIONES | L53: JORNAL TOTAL | M53: RENDIMIENTO | O53: Vr. UNITARIO
C54: OFICIAL (2) AA | J54: 186004 | K54: 2.2 | L54: =+J54*K54 -> 409208.8 | M54: 3.5 | O54: =+L54/M54 -> 116916.8
C55: AYUDANTE (6) AA | J55: 370110 | K55: 2.2 | L55: =+J55*K55 -> 814242 | M55: 3.5 | O55: =+L55/M55 -> 232640.57
C58: SUBTOTAL $ | O58: =SUM(O54:O57) -> 349557.37
C60: TOTAL COSTO DIRECTO $ | O60: =ROUND(O34+O42+O49+O58,0) -> 1072859
C61: V. COSTOS INDIRECTOS
C64: Descripción | L64: Porcentaje | M64: Valor Total
C65: ADMINISTRACION | L65: 0.25 | M65: =+L65*O60 -> 268214.75
C66: IMPREVISTOS | L66: 0.03 | M66: =+L66*O60 -> 32185.77
C67: UTILIDAD | L67: 0.05 | M67: =+L67*O60 -> 53642.95
C68: SUBTOTAL $ | O68: =SUM(M65:N67) -> 354043.47
C70: Precio Unitario Total Aproximado al peso $ | O70: =+ROUND(O60+O68,0) -> 1426902
H74: Firma
H75: Nombre:
H76: Representante Legal del Contratista o su Apoderado
H77: Matricula No. :
C79: OBSERVACIONES INTERVENTORÍA
C83: APROBACIÓN POR INTERVENTORÍA
C84: Nota 1: Cuando se trate de Análisis de precios unitarios correspondientes a ítems de la propuesta económica aprobada, el Interventor aprueba el desglose de los componentes manteniendo el mismo precio unitario de cada ítem, cumpliendo con las especificaciones de construcción vigentes para el proyecto.
C86: Nota 2: Cuando se trate de Análisis de precios unitarios de ítems no previstos, el Interventor aprueba el desglose y precio unitario de cada ítem no previsto, exigiendo la aplicación de los costos correspondientes a insumos y tarifas de la propuesta económica inicial cuando estén contemplados, cumpliendo con las especificaciones de construcción vigente para el proyecto.
H89: Firma
H90: Nombre:
H91: Representante Legal del Interventor o su Apoderado
H92: Matricula No. :

Sheet 8,1
C3: Formulario 1 - Propuesta económica - Documento tipo de selección abreviada de menor cuantía - versión 3
C4: Código | D4: CCE-EICP-FM-25 | E4: Versión | F4: 3
C6: [La entidad podrá utilizar este formato para la presentación de los análisis de precios unitarios el contratista en la oportunidad prevista en el numeral 8.1. del Documento Base]
D9: MUNICIPIO DE SILVANIA
L10: VERSIÓN
D11: [NÚMERO DEL PROCESO]
L12: PÁGINA | M12: 1 | N12: DE | O12: 1
D14: ANALISIS DE PRECIOS UNITARIOS
L16: FECHA | M16: DD | N16: MM | O16: AA
M17: 20 | N17: 10 | O17: 2025
C18: ITEMS DE LA PROPUESTA ECONÓMICA | I18: ITEMS NO PREVISTOS
E19: X
C22: DATOS ESPECÍFICOS
C24: ITEM | D24: DESCRIPCIÓN | M24: UNIDAD | O24: CANTIDAD
C25: 8.1 | D25: =+'PRESUPUESTO OFICIAL (Entidad)'!G22 -> SUMINISTRO, TRANSPORTE, FABRICACIÓN, ENSAMBLAJE Y MONTAJE DE ACERO A-588/A-709/A-572 GRADO B | M25: =+'PRESUPUESTO OFICIAL (Entidad)'!H22 -> Kg | O25: =+'PRESUPUESTO OFICIAL (Entidad)'!I22 -> 175769.19
C26: I. EQUIPO
C29: DESCRIPCIÓN | H29: MARCA | J29: TIPO | L29: TARIFA/HORA | M29: RENDIMIENTO | O29: Vr. UNITARIO
C30: EQUIPO DE SOLDADURA | J30: D | L30: 138491 | M30: 83.33 | O30: =+L30/M30 -> 1661.9585
C31: ANDAMIO SECCIÓN | J31: D | L31: 1808 | M31: 10 | O31: =+L31/M31 -> 180.8
C32: PULIDORA MANUAL | J32: D | L32: 51110 | M32: 667 | O32: =+L32/M32 -> 76.626687
C33: EQUIPO DE OXICORTE | J33: D | L33: 168299 | M33: 200 | O33: =+L33/M33 -> 841.495
C34: GRÚA PH 20 TON | J34: D | L34: 1661890 | M34: 1600 | O34: =+L34/M34 -> 1038.6813
C35: DIFERENCIAL 5 TON | J35: D | L35: 103077 | M35: 1000 | O35: =+L35/M35 -> 103.077
C37: SUBTOTAL $ | O37: =SUM(O30:O36) -> 3902.6384
C38: II. MATERIALES
C41: DESCRIPCIÓN | K41: UNIDAD | L41: CANTIDAD | M41: PRECIO UNIT. | O41: Vr. UNITARIO
C42: ACERO A-588/A-709/A-572 GRADO B | K42: KG | L42: 1.05 | M42: 12138 | O42: =+L42*M42 -> 12744.9
C43: SOLDADURA 7018 | K43: KG | L43: 0.01 | M43: 16905 | O43: =+L43*M43 -> 169.05
C44: SOLDADURA L-70 | K44: KG | L44: 0.02 | M44: 46115 | O44: =+L44*M44 -> 922.3
C45: FUNDENTE | K45: KG | L45: 0.006 | M45: 61473 | O45: =+L45*M45 -> 368.838
C46: OXIGENO INDUSTRIAL | K46: KG | L46: 0.006 | M46: 21877 | O46: =+L46*M46 -> 131.262
C47: GAS PROPANO | K47: KG | L47: 0.006 | M47: 18442 | O47: =+L47*M47 -> 110.652
C49: SUBTOTAL $ | O49: =SUM(O42:O48) -> 14447.002
C50: III. TRANSPORTES
C53: MATERIAL | J53: VOL. o PESO | K53: DISTANCIA | L53: M3 o Ton/Km | M53: TARIFA | O53: Vr. UNITARIO
C56: SUBTOTAL $ | O56: =SUM(O54:O55) -> 0
C57: IV. MANO DE OBRA
C60: TRABAJADOR | J60: JORNAL | K60: PRESTACIONES | L60: JORNAL TOTAL | M60: RENDIMIENTO | O60: Vr. UNITARIO
C61: MANO DE OBRA DD | J61: 185624 | K61: 2.2 | L61: =+J61*K61 -> 408372.8 | M61: 50 | O61: =+L61/M61 -> 8167.456
C65: SUBTOTAL $ | O65: =SUM(O61:O64) -> 8167.456
C67: TOTAL COSTO DIRECTO $ | O67: =ROUND(O37+O49+O56+O65,0) -> 26517
C68: V. COSTOS INDIRECTOS
C71: Descripción | L71: Porcentaje | M71: Valor Total
C72: ADMINISTRACION | L72: 0.25 | M72: =+L72*O67 -> 6629.25
C73: IMPREVISTOS | L73: 0.03 | M73: =+L73*O67 -> 795.51
C74: UTILIDAD | L74: 0.05 | M74: =+L74*O67 -> 1325.85
C75: SUBTOTAL $ | O75: =SUM(M72:N74) -> 8750.61
C77: Precio Unitario Total Aproximado al peso $ | O77: =+ROUND(O67+O75,0) -> 35268
H81: Firma
H82: Nombre:
H83: Representante Legal del Contratista o su Apoderado
H84: Matricula No. :
C86: OBSERVACIONES INTERVENTORÍA
C90: APROBACIÓN POR INTERVENTORÍA
C91: Nota 1: Cuando se trate de Análisis de precios unitarios correspondientes a ítems de la propuesta económica aprobada, el Interventor aprueba el desglose de los componentes manteniendo el mismo precio unitario de cada ítem, cumpliendo con las especificaciones de construcción vigentes para el proyecto.
C93: Nota 2: Cuando se trate de Análisis de precios unitarios de ítems no previstos, el Interventor aprueba el desglose y precio unitario de cada ítem no previsto, exigiendo la aplicación de los costos correspondientes a insumos y tarifas de la propuesta económica inicial cuando estén contemplados, cumpliendo con las especificaciones de construcción vigente para el proyecto.
H96: Firma
H97: Nombre:
H98: Representante Legal del Interventor o su Apoderado
H99: Matricula No. :

Sheet 9,1
C3: Formulario 1 - Propuesta económica - Documento tipo de selección abreviada de menor cuantía - versión 3
C4: Código | D4: CCE-EICP-FM-25 | E4: Versión | F4: 3
C6: [La entidad podrá utilizar este formato para la presentación de los análisis de precios unitarios el contratista en la oportunidad prevista en el numeral 8.1. del Documento Base]
D9: MUNICIPIO DE SILVANIA
L10: VERSIÓN
D11: [NÚMERO DEL PROCESO]
L12: PÁGINA | M12: 1 | N12: DE | O12: 1
D14: ANALISIS DE PRECIOS UNITARIOS
L16: FECHA | M16: DD | N16: MM | O16: AA
M17: 20 | N17: 10 | O17: 2025
C18: ITEMS DE LA PROPUESTA ECONÓMICA | I18: ITEMS NO PREVISTOS
E19: X
C22: DATOS ESPECÍFICOS
C24: ITEM | D24: DESCRIPCIÓN | M24: UNIDAD | O24: CANTIDAD
C25: 9.1 | D25: =+'PRESUPUESTO OFICIAL (Entidad)'!G23 -> PERNOS ACERO INCLUYE TUERCAS | M25: =+'PRESUPUESTO OFICIAL (Entidad)'!H23 -> Kg | O25: =+'PRESUPUESTO OFICIAL (Entidad)'!I23 -> 1100.13
C26: I. EQUIPO
C29: DESCRIPCIÓN | H29: MARCA | J29: TIPO | L29: TARIFA/HORA | M29: RENDIMIENTO | O29: Vr. UNITARIO
C30: HERRAMIENTA MENOR | J30: GL | L30: 2495 | M30: 7 | O30: =+L30/M30 -> 356.42857
C33: SUBTOTAL $ | O33: =SUM(O30:O32) -> 356.42857
C34: II. MATERIALES
C37: DESCRIPCIÓN | K37: UNIDAD | L37: CANTIDAD | M37: PRECIO UNIT. | O37: Vr. UNITARIO
C38: PERNOS ACERO ASTM A325/F1554/A490 INCLUYE TUERCAS Y ARANDELAS | K38: KG | L38: 1 | M38: 12138 | O38: =+L38*M38 -> 12138
C40: SUBTOTAL $ | O40: =SUM(O38:O39) -> 12138
C41: III. TRANSPORTES
C44: MATERIAL | J44: VOL. o PESO | K44: DISTANCIA | L44: M3 o Ton/Km | M44: TARIFA | O44: Vr. UNITARIO
C47: SUBTOTAL $ | O47: =SUM(O45:O46) -> 0
C48: IV. MANO DE OBRA
C51: TRABAJADOR | J51: JORNAL | K51: PRESTACIONES | L51: JORNAL TOTAL | M51: RENDIMIENTO | O51: Vr. UNITARIO
C52: OFICIAL AA | J52: 93002 | K52: 2.2 | L52: =+J52*K52 -> 204604.4 | M52: 670 | O52: =+L52/M52 -> 305.3797
C56: SUBTOTAL $ | O56: =SUM(O52:O55) -> 305.3797
C58: TOTAL COSTO DIRECTO $ | O58: =ROUND(O33+O40+O47+O56,0) -> 12800
C59: V. COSTOS INDIRECTOS
C62: Descripción | L62: Porcentaje | M62: Valor Total
C63: ADMINISTRACION | L63: 0.25 | M63: =+L63*O58 -> 3200
C64: IMPREVISTOS | L64: 0.03 | M64: =+L64*O58 -> 384
C65: UTILIDAD | L65: 0.05 | M65: =+L65*O58 -> 640
C66: SUBTOTAL $ | O66: =SUM(M63:N65) -> 4224
C68: Precio Unitario Total Aproximado al peso $ | O68: =+ROUND(O58+O66,0) -> 17024
H72: Firma
H73: Nombre:
H74: Representante Legal del Contratista o su Apoderado
H75: Matricula No. :
C77: OBSERVACIONES INTERVENTORÍA
C81: APROBACIÓN POR INTERVENTORÍA
C82: Nota 1: Cuando se trate de Análisis de precios unitarios correspondientes a ítems de la propuesta económica aprobada, el Interventor aprueba el desglose de los componentes manteniendo el mismo precio unitario de cada ítem, cumpliendo con las especificaciones de construcción vigentes para el proyecto.
C84: Nota 2: Cuando se trate de Análisis de precios unitarios de ítems no previstos, el Interventor aprueba el desglose y precio unitario de cada ítem no previsto, exigiendo la aplicación de los costos correspondientes a insumos y tarifas de la propuesta económica inicial cuando estén contemplados, cumpliendo con las especificaciones de construcción vigente para el proyecto.
H87: Firma
H88: Nombre:
H89: Representante Legal del Interventor o su Apoderado
H90: Matricula No. :

Sheet 10,1
C3: Formulario 1 - Propuesta económica - Documento tipo de selección abreviada de menor cuantía - versión 3
C4: Código | D4: CCE-EICP-FM-25 | E4: Versión | F4: 3
C6: [La entidad podrá utilizar este formato para la presentación de los análisis de precios unitarios el contratista en la oportunidad prevista en el numeral 8.1. del Documento Base]
D9: MUNICIPIO DE SILVANIA
L10: VERSIÓN
D11: [NÚMERO DEL PROCESO]
L12: PÁGINA | M12: 1 | N12: DE | O12: 1
D14: ANALISIS DE PRECIOS UNITARIOS
L16: FECHA | M16: DD | N16: MM | O16: AA
M17: 20 | N17: 10 | O17: 2025
C18: ITEMS DE LA PROPUESTA ECONÓMICA | I18: ITEMS NO PREVISTOS
E19: X
C22: DATOS ESPECÍFICOS
C24: ITEM | D24: DESCRIPCIÓN | M24: UNIDAD | O24: CANTIDAD
C25: 10.1 | D25: =+'PRESUPUESTO OFICIAL (Entidad)'!G24 -> SUMINISTRO E INSTALACIÓN DE APOYOS ELASTOMÉRICOS | M25: =+'PRESUPUESTO OFICIAL (Entidad)'!H24 -> U (dm3) | O25: =+'PRESUPUESTO OFICIAL (Entidad)'!I24 -> 135
C26: I. EQUIPO
C29: DESCRIPCIÓN | H29: MARCA | J29: TIPO | L29: TARIFA/HORA | M29: RENDIMIENTO | O29: Vr. UNITARIO
C31: SUBTOTAL $ | O31: =SUM(O30:O30) -> 0
C32: II. MATERIALES
C35: DESCRIPCIÓN | K35: UNIDAD | L35: CANTIDAD | M35: PRECIO UNIT. | O35: Vr. UNITARIO
C36: NEOPRENO 35CM X 45CM X 5CM DUREZA 60 | K36: UN | L36: 0.1269999 | M36: 759369 | O36: =+L36*M36 -> 96439.787
C38: SUBTOTAL $ | O38: =SUM(O36:O37) -> 96439.787
C39: III. TRANSPORTES
C42: MATERIAL | J42: VOL. o PESO | K42: DISTANCIA | L42: M3 o Ton/Km | M42: TARIFA | O42: Vr. UNITARIO
C45: SUBTOTAL $ | O45: =SUM(O43:O44) -> 0
C46: IV. MANO DE OBRA
C49: TRABAJADOR | J49: JORNAL | K49: PRESTACIONES | L49: JORNAL TOTAL | M49: RENDIMIENTO | O49: Vr. UNITARIO
C50: OFICIAL (1) AA | J50: 93002 | K50: 2.2 | L50: =+J50*K50 -> 204604.4 | M50: 12 | O50: =+L50/M50 -> 17050.367
C51: AYUDANTE (1) AA | J51: 61685 | K51: 2.2 | L51: =+J51*K51 -> 135707 | M51: 12 | O51: =+L51/M51 -> 11308.917
C54: SUBTOTAL $ | O54: =SUM(O50:O53) -> 28359.283
C56: TOTAL COSTO DIRECTO $ | O56: =ROUND(O31+O38+O45+O54,0) -> 124799
C57: V. COSTOS INDIRECTOS
C60: Descripción | L60: Porcentaje | M60: Valor Total
C61: ADMINISTRACION | L61: 0.25 | M61: =+L61*O56 -> 31199.75
C62: IMPREVISTOS | L62: 0.03 | M62: =+L62*O56 -> 3743.97
C63: UTILIDAD | L63: 0.05 | M63: =+L63*O56 -> 6239.95
C64: SUBTOTAL $ | O64: =SUM(M61:N63) -> 41183.67
C66: Precio Unitario Total Aproximado al peso $ | O66: =+ROUND(O56+O64,0) -> 165983
H70: Firma
H71: Nombre:
H72: Representante Legal del Contratista o su Apoderado
H73: Matricula No. :
C75: OBSERVACIONES INTERVENTORÍA
C79: APROBACIÓN POR INTERVENTORÍA
C80: Nota 1: Cuando se trate de Análisis de precios unitarios correspondientes a ítems de la propuesta económica aprobada, el Interventor aprueba el desglose de los componentes manteniendo el mismo precio unitario de cada ítem, cumpliendo con las especificaciones de construcción vigentes para el proyecto.
C82: Nota 2: Cuando se trate de Análisis de precios unitarios de ítems no previstos, el Interventor aprueba el desglose y precio unitario de cada ítem no previsto, exigiendo la aplicación de los costos correspondientes a insumos y tarifas de la propuesta económica inicial cuando estén contemplados, cumpliendo con las especificaciones de construcción vigente para el proyecto.
H85: Firma
H86: Nombre:
H87: Representante Legal del Interventor o su Apoderado
H88: Matricula No. :

Sheet 11,1
C3: Formulario 1 - Propuesta económica - Documento tipo de selección abreviada de menor cuantía - versión 3
C4: Código | D4: CCE-EICP-FM-25 | E4: Versión | F4: 3
C6: [La entidad podrá utilizar este formato para la presentación de los análisis de precios unitarios el contratista en la oportunidad prevista en el numeral 8.1. del Documento Base]
D9: MUNICIPIO DE SILVANIA
L10: VERSIÓN
D11: [NÚMERO DEL PROCESO]
L12: PÁGINA | M12: 1 | N12: DE | O12: 1
D14: ANALISIS DE PRECIOS UNITARIOS
L16: FECHA | M16: DD | N16: MM | O16: AA
M17: 20 | N17: 10 | O17: 2025
C18: ITEMS DE LA PROPUESTA ECONÓMICA | I18: ITEMS NO PREVISTOS
E19: X
C22: DATOS ESPECÍFICOS
C24: ITEM | D24: DESCRIPCIÓN | M24: UNIDAD | O24: CANTIDAD
C25: 11.1 | D25: =+'PRESUPUESTO OFICIAL (Entidad)'!G25 -> SUMINISTRO FIGURADO Y ARMADO DE ACERO DE REFUERZO 60000 PSI | M25: =+'PRESUPUESTO OFICIAL (Entidad)'!H25 -> Kg | O25: =+'PRESUPUESTO OFICIAL (Entidad)'!I25 -> 30489.17
C26: I. EQUIPO
C29: DESCRIPCIÓN | H29: MARCA | J29: TIPO | L29: TARIFA/HORA | M29: RENDIMIENTO | O29: Vr. UNITARIO
C30: HERRAMIENTA MENOR | J30: GL | L30: 53.17 | M30: 1 | O30: =+L30/M30 -> 53.17
C33: SUBTOTAL $ | O33: =SUM(O30:O32) -> 53.17
C34: II. MATERIALES
C37: DESCRIPCIÓN | K37: UNIDAD | L37: CANTIDAD | M37: PRECIO UNIT. | O37: Vr. UNITARIO
C38: ACERO DE REFUERZO 60000 PSI} | K38: KG | L38: 1.05 | M38: 6013 | O38: =+L38*M38 -> 6313.65
C39: ALAMBRE NEGRO NO. 18 | K39: KG | L39: 0.03 | M39: 12408 | O39: =+L39*M39 -> 372.24
C40: SEGUETA | K40: UN | L40: 0.05 | M40: 6473 | O40: =+L40*M40 -> 323.65
C41: SUBTOTAL $ | O41: =SUM(O38:O40) -> 7009.54
C42: III. TRANSPORTES
C45: MATERIAL | J45: VOL. o PESO | K45: DISTANCIA | L45: M3 o Ton/Km | M45: TARIFA | O45: Vr. UNITARIO
C48: SUBTOTAL $ | O48: =SUM(O46:O47) -> 0
C49: IV. MANO DE OBRA
C52: TRABAJADOR | J52: JORNAL | K52: PRESTACIONES | L52: JORNAL TOTAL | M52: RENDIMIENTO | O52: Vr. UNITARIO
C53: MANO DE OBRA AA | J53: 154687 | K53: 2.2 | L53: =+J53*K53 -> 340311.4 | M53: 320 | O53: =+L53/M53 -> 1063.4731
C57: SUBTOTAL $ | O57: =SUM(O53:O56) -> 1063.4731
C59: TOTAL COSTO DIRECTO $ | O59: =ROUND(O33+O41+O48+O57,0) -> 8126
C60: V. COSTOS INDIRECTOS
C63: Descripción | L63: Porcentaje | M63: Valor Total
C64: ADMINISTRACION | L64: 0.25 | M64: =+L64*O59 -> 2031.5
C65: IMPREVISTOS | L65: 0.03 | M65: =+L65*O59 -> 243.78
C66: UTILIDAD | L66: 0.05 | M66: =+L66*O59 -> 406.3
C67: SUBTOTAL $ | O67: =SUM(M64:N66) -> 2681.58
C69: Precio Unitario Total Aproximado al peso $ | O69: =+ROUND(O59+O67,0) -> 10808
H73: Firma
H74: Nombre:
H75: Representante Legal del Contratista o su Apoderado
H76: Matricula No. :
C78: OBSERVACIONES INTERVENTORÍA
C82: APROBACIÓN POR INTERVENTORÍA
C83: Nota 1: Cuando se trate de Análisis de precios unitarios correspondientes a ítems de la propuesta económica aprobada, el Interventor aprueba el desglose de los componentes manteniendo el mismo precio unitario de cada ítem, cumpliendo con las especificaciones de construcción vigentes para el proyecto.
C85: Nota 2: Cuando se trate de Análisis de precios unitarios de ítems no previstos, el Interventor aprueba el desglose y precio unitario de cada ítem no previsto, exigiendo la aplicación de los costos correspondientes a insumos y tarifas de la propuesta económica inicial cuando estén contemplados, cumpliendo con las especificaciones de construcción vigente para el proyecto.
H88: Firma
H89: Nombre:
H90: Representante Legal del Interventor o su Apoderado
H91: Matricula No. :

Sheet 12,1
C3: Formulario 1 - Propuesta económica - Documento tipo de selección abreviada de menor cuantía - versión 3
C4: Código | D4: CCE-EICP-FM-25 | E4: Versión | F4: 3
C6: [La entidad podrá utilizar este formato para la presentación de los análisis de precios unitarios el contratista en la oportunidad prevista en el numeral 8.1. del Documento Base]
D9: MUNICIPIO DE SILVANIA
L10: VERSIÓN
D11: [NÚMERO DEL PROCESO]
L12: PÁGINA | M12: 1 | N12: DE | O12: 1
D14: ANALISIS DE PRECIOS UNITARIOS
L16: FECHA | M16: DD | N16: MM | O16: AA
M17: 20 | N17: 10 | O17: 2025
C18: ITEMS DE LA PROPUESTA ECONÓMICA | I18: ITEMS NO PREVISTOS
E19: X
C22: DATOS ESPECÍFICOS
C24: ITEM | D24: DESCRIPCIÓN | M24: UNIDAD | O24: CANTIDAD
C25: 12.1 | D25: =+'PRESUPUESTO OFICIAL (Entidad)'!G26 -> DREN TUBERIA PVC SANITARIA , D=4" ( PUENTES) | M25: =+'PRESUPUESTO OFICIAL (Entidad)'!H26 -> UNIDAD | O25: =+'PRESUPUESTO OFICIAL (Entidad)'!I26 -> 50
C26: I. EQUIPO
C29: DESCRIPCIÓN | H29: MARCA | J29: TIPO | L29: TARIFA/HORA | M29: RENDIMIENTO | O29: Vr. UNITARIO
C30: HERRAMIENTA MENOR | J30: GL | L30: 339.27 | M30: 1 | O30: =+L30/M30 -> 339.27
C33: SUBTOTAL $ | O33: =SUM(O30:O32) -> 339.27
C34: II. MATERIALES
C37: DESCRIPCIÓN | K37: UNIDAD | L37: CANTIDAD | M37: PRECIO UNIT. | O37: Vr. UNITARIO
C38: TUBO PVC SANITARIO 4" | K38: ML | L38: 0.5 | M38: 35070 | O38: =+L38*M38 -> 17535
C41: SUBTOTAL $ | O41: =SUM(O38:O40) -> 17535
C42: III. TRANSPORTES
C45: MATERIAL | J45: VOL. o PESO | K45: DISTANCIA | L45: M3 o Ton/Km | M45: TARIFA | O45: Vr. UNITARIO
C48: SUBTOTAL $ | O48: =SUM(O46:O47) -> 0
C49: IV. MANO DE OBRA
C52: TRABAJADOR | J52: JORNAL | K52: PRESTACIONES | L52: JORNAL TOTAL | M52: RENDIMIENTO | O52: Vr. UNITARIO
C53: AYUDANTE (1) AA | J53: 61685 | K53: 2.2 | L53: =+J53*K53 -> 135707 | M53: 20 | O53: =+L53/M53 -> 6785.35
C57: SUBTOTAL $ | O57: =SUM(O53:O56) -> 6785.35
C59: TOTAL COSTO DIRECTO $ | O59: =ROUND(O33+O41+O48+O57,0) -> 24660
C60: V. COSTOS INDIRECTOS
C63: Descripción | L63: Porcentaje | M63: Valor Total
C64: ADMINISTRACION | L64: 0.25 | M64: =+L64*O59 -> 6165
C65: IMPREVISTOS | L65: 0.03 | M65: =+L65*O59 -> 739.8
C66: UTILIDAD | L66: 0.05 | M66: =+L66*O59 -> 1233
C67: SUBTOTAL $ | O67: =SUM(M64:N66) -> 8137.8
C69: Precio Unitario Total Aproximado al peso $ | O69: =+ROUND(O59+O67,0) -> 32798
H73: Firma
H74: Nombre:
H75: Representante Legal del Contratista o su Apoderado
H76: Matricula No. :
C78: OBSERVACIONES INTERVENTORÍA
C82: APROBACIÓN POR INTERVENTORÍA
C83: Nota 1: Cuando se trate de Análisis de precios unitarios correspondientes a ítems de la propuesta económica aprobada, el Interventor aprueba el desglose de los componentes manteniendo el mismo precio unitario de cada ítem, cumpliendo con las especificaciones de construcción vigentes para el proyecto.
C85: Nota 2: Cuando se trate de Análisis de precios unitarios de ítems no previstos, el Interventor aprueba el desglose y precio unitario de cada ítem no previsto, exigiendo la aplicación de los costos correspondientes a insumos y tarifas de la propuesta económica inicial cuando estén contemplados, cumpliendo con las especificaciones de construcción vigente para el proyecto.
H88: Firma
H89: Nombre:
H90: Representante Legal del Interventor o su Apoderado
H91: Matricula No. :

Sheet 13,1
C3: Formulario 1 - Propuesta económica - Documento tipo de selección abreviada de menor cuantía - versión 3
C4: Código | D4: CCE-EICP-FM-25 | E4: Versión | F4: 3
C6: [La entidad podrá utilizar este formato para la presentación de los análisis de precios unitarios el contratista en la oportunidad prevista en el numeral 8.1. del Documento Base]
D9: MUNICIPIO DE SILVANIA
L10: VERSIÓN
D11: [NÚMERO DEL PROCESO]
L12: PÁGINA | M12: 1 | N12: DE | O12: 1
D14: ANALISIS DE PRECIOS UNITARIOS
L16: FECHA | M16: DD | N16: MM | O16: AA
M17: 20 | N17: 10 | O17: 2025
C18: ITEMS DE LA PROPUESTA ECONÓMICA | I18: ITEMS NO PREVISTOS
E19: X
C22: DATOS ESPECÍFICOS
C24: ITEM | D24: DESCRIPCIÓN | M24: UNIDAD | O24: CANTIDAD
C25: =+'PRESUPUESTO OFICIAL (Entidad)'!D27 -> 13.1 | D25: =+'PRESUPUESTO OFICIAL (Entidad)'!G27 -> BARANDA METÁLICA | M25: =+'PRESUPUESTO OFICIAL (Entidad)'!H27 -> m | O25: =+'PRESUPUESTO OFICIAL (Entidad)'!I27 -> 120
C26: I. EQUIPO
C29: DESCRIPCIÓN | H29: MARCA | J29: TIPO | L29: TARIFA/HORA | M29: RENDIMIENTO | O29: Vr. UNITARIO
C30: PULIDORA MANUAL | J30: D | L30: 51110 | M30: 20 | O30: =+L30/M30 -> 2555.5
C31: EQUIPO DE OXICORTE | J31: D | L31: 168299 | M31: 5 | O31: =+L31/M31 -> 33659.8
C32: EQUIPO DE SOLDADURA | J32: D | L32: 138491 | M32: 5 | O32: =+L32/M32 -> 27698.2
C33: COMPRESOR PINTURA | J33: D | L33: 82435 | M33: 20 | O33: =+L33/M33 -> 4121.75
C34: PISTOLA PINTURA | J34: D | L34: 19042 | M34: 20 | O34: =+L34/M34 -> 952.1
C35: HERRAMIENTA MENOR | J35: GL | L35: 20418.64 | M35: 1 | O35: =+L35/M35 -> 20418.64
C37: SUBTOTAL $ | O37: =SUM(O30:O36) -> 89405.99
C38: II. MATERIALES
C41: DESCRIPCIÓN | K41: UNIDAD | L41: CANTIDAD | M41: PRECIO UNIT. | O41: Vr. UNITARIO
C42: SOLDADURA 6013 DE 1/8 | K42: KG | L42: 0.6 | M42: 12620 | O42: =+L42*M42 -> 7572
C43: ESMALTE SINTÉTICO | K43: GLN | L43: 0.3 | M43: 108301 | O43: =+L43*M43 -> 32490.3
C44: DISOLVENTE THINNER | K44: GLN | L44: 0.1 | M44: 54067 | O44: =+L44*M44 -> 5406.7
C45: TUBERIA H DE 1/4", H=1.4M, A=0.20M | K45: ML | L45: 1.45 | M45: 108662 | O45: =+L45*M45 -> 157559.9
C46: TUBO ESTRUCTRURAL REDONDO 4"X2MM | K46: ML | L46: 3 | M46: 36468 | O46: =+L46*M46 -> 109404
C47: ANTICORROSIVO | K47: GLN | L47: 0.32 | M47: 66535 | O47: =+L47*M47 -> 21291.2
C49: SUBTOTAL $ | O49: =SUM(O42:O48) -> 333724.1
C50: III. TRANSPORTES
C53: MATERIAL | J53: VOL. o PESO | K53: DISTANCIA | L53: M3 o Ton/Km | M53: TARIFA | O53: Vr. UNITARIO
C56: SUBTOTAL $ | O56: =SUM(O54:O55) -> 0
C57: IV. MANO DE OBRA
C60: TRABAJADOR | J60: JORNAL | K60: PRESTACIONES | L60: JORNAL TOTAL | M60: RENDIMIENTO | O60: Vr. UNITARIO
C61: MANO DE OBRA DD | J61: 185624 | K61: 2.2 | L61: =+J61*K61 -> 408372.8 | M61: 2 | O61: =+L61/M61 -> 204186.4
C65: SUBTOTAL $ | O65: =SUM(O61:O64) -> 204186.4
C67: TOTAL COSTO DIRECTO $ | O67: =ROUND(O37+O49+O56+O65,0) -> 627316
C68: V. COSTOS INDIRECTOS
C71: Descripción | L71: Porcentaje | M71: Valor Total
C72: ADMINISTRACION | L72: 0.25 | M72: =+L72*O67 -> 156829
C73: IMPREVISTOS | L73: 0.03 | M73: =+L73*O67 -> 18819.48
C74: UTILIDAD | L74: 0.05 | M74: =+L74*O67 -> 31365.8
C75: SUBTOTAL $ | O75: =SUM(M72:N74) -> 207014.28
C77: Precio Unitario Total Aproximado al peso $ | O77: =+ROUND(O67+O75,0) -> 834330
H81: Firma
H82: Nombre:
H83: Representante Legal del Contratista o su Apoderado
H84: Matricula No. :
C86: OBSERVACIONES INTERVENTORÍA
C90: APROBACIÓN POR INTERVENTORÍA
C91: Nota 1: Cuando se trate de Análisis de precios unitarios correspondientes a ítems de la propuesta económica aprobada, el Interventor aprueba el desglose de los componentes manteniendo el mismo precio unitario de cada ítem, cumpliendo con las especificaciones de construcción vigentes para el proyecto.
C93: Nota 2: Cuando se trate de Análisis de precios unitarios de ítems no previstos, el Interventor aprueba el desglose y precio unitario de cada ítem no previsto, exigiendo la aplicación de los costos correspondientes a insumos y tarifas de la propuesta económica inicial cuando estén contemplados, cumpliendo con las especificaciones de construcción vigente para el proyecto.
H96: Firma
H97: Nombre:
H98: Representante Legal del Interventor o su Apoderado
H99: Matricula No. :

Sheet 14,1
C3: Formulario 1 - Propuesta económica - Documento tipo de selección abreviada de menor cuantía - versión 3
C4: Código | D4: CCE-EICP-FM-25 | E4: Versión | F4: 3
C6: [La entidad podrá utilizar este formato para la presentación de los análisis de precios unitarios el contratista en la oportunidad prevista en el numeral 8.1. del Documento Base]
D9: MUNICIPIO DE SILVANIA
L10: VERSIÓN
D11: [NÚMERO DEL PROCESO]
L12: PÁGINA | M12: 1 | N12: DE | O12: 1
D14: ANALISIS DE PRECIOS UNITARIOS
L16: FECHA | M16: DD | N16: MM | O16: AA
M17: 20 | N17: 10 | O17: 2025
C18: ITEMS DE LA PROPUESTA ECONÓMICA | I18: ITEMS NO PREVISTOS
E19: X
C22: DATOS ESPECÍFICOS
C24: ITEM | D24: DESCRIPCIÓN | M24: UNIDAD | O24: CANTIDAD
C25: =+'PRESUPUESTO OFICIAL (Entidad)'!D28 -> 14.1 | D25: =+'PRESUPUESTO OFICIAL (Entidad)'!G28 -> JUNTA DE DILATACION | M25: =+'PRESUPUESTO OFICIAL (Entidad)'!H28 -> m | O25: =+'PRESUPUESTO OFICIAL (Entidad)'!I28 -> 16.4
C26: I. EQUIPO
C29: DESCRIPCIÓN | H29: MARCA | J29: TIPO | L29: TARIFA/HORA | M29: RENDIMIENTO | O29: Vr. UNITARIO
C30: EQUIPO DE SOLDADURA | J30: DIA | L30: 138491 | M30: 156.046 | O30: =+L30/M30 -> 887.50112
C31: HERRAMIENTA MENOR | J31: DIA | L31: 90000 | M31: 360 | O31: =+L31/M31 -> 250
C37: SUBTOTAL $ | O37: =SUM(O30:O36) -> 1137.5011
C38: II. MATERIALES
C41: DESCRIPCIÓN | K41: UNIDAD | L41: CANTIDAD | M41: PRECIO UNIT. | O41: Vr. UNITARIO
C42: SOLDADURA ELECTRODO 6013 X 1/8 6013 DE 1/8 | K42: KG | L42: 1.15 | M42: 26927 | O42: =+L42*M42 -> 30966.05
C43: ACERO 420 MPA #3 | K43: KG | L43: 1 | M43: 9423 | O43: =+L43*M43 -> 9423
C44: ANGULO L (4*4*1/4) | K44: M | L44: 2 | M44: 98000 | O44: =+L44*M44 -> 196000
C45: CINTA PVC O-22 (PARA MOVIMIENTO) | K45: M | L45: 1 | M45: 42000 | O45: =+L45*M45 -> 42000
C46: RELLENO BITUMEN | K46: M3 | L46: 0.0613034 | M46: 26000 | O46: =+L46*M46 -> 1593.8884
O47: =+L47*M47 -> 0
C49: SUBTOTAL $ | O49: =SUM(O42:O48) -> 279982.94
C50: III. TRANSPORTES
C53: MATERIAL | J53: VOL. o PESO | K53: DISTANCIA | L53: M3 o Ton/Km | M53: TARIFA | O53: Vr. UNITARIO
C56: SUBTOTAL $ | O56: =SUM(O54:O55) -> 0
C57: IV. MANO DE OBRA
C60: TRABAJADOR | J60: JORNAL | K60: PRESTACIONES | L60: JORNAL TOTAL | M60: RENDIMIENTO | O60: Vr. UNITARIO
C61: SOLDADOR | J61: 185624 | K61: 2.2 | L61: =+J61*K61 -> 408372.8 | M61: 50 | O61: =+L61/M61 -> 8167.456
C62: AYUDANTE | J62: 185055 | K62: 2.2 | L62: =+J62*K62 -> 407121 | M62: 10 | O62: =+L62/M62 -> 40712.1
C65: SUBTOTAL $ | O65: =SUM(O61:O64) -> 48879.556
C67: TOTAL COSTO DIRECTO $ | O67: =ROUND(O37+O49+O56+O65,0) -> 330000
C68: V. COSTOS INDIRECTOS
C71: Descripción | L71: Porcentaje | M71: Valor Total
C72: ADMINISTRACION | L72: 0.25 | M72: =+L72*O67 -> 82500
C73: IMPREVISTOS | L73: 0.03 | M73: =+L73*O67 -> 9900
C74: UTILIDAD | L74: 0.05 | M74: =+L74*O67 -> 16500
C75: SUBTOTAL $ | O75: =SUM(M72:N74) -> 108900
C77: Precio Unitario Total Aproximado al peso $ | O77: =+ROUND(O67+O75,0) -> 438900
H81: Firma
H82: Nombre:
H83: Representante Legal del Contratista o su Apoderado
H84: Matricula No. :
C86: OBSERVACIONES INTERVENTORÍA
C90: APROBACIÓN POR INTERVENTORÍA
C91: Nota 1: Cuando se trate de Análisis de precios unitarios correspondientes a ítems de la propuesta económica aprobada, el Interventor aprueba el desglose de los componentes manteniendo el mismo precio unitario de cada ítem, cumpliendo con las especificaciones de construcción vigentes para el proyecto.
C93: Nota 2: Cuando se trate de Análisis de precios unitarios de ítems no previstos, el Interventor aprueba el desglose y precio unitario de cada ítem no previsto, exigiendo la aplicación de los costos correspondientes a insumos y tarifas de la propuesta económica inicial cuando estén contemplados, cumpliendo con las especificaciones de construcción vigente para el proyecto.
H96: Firma
H97: Nombre:
H98: Representante Legal del Interventor o su Apoderado
H99: Matricula No. :

Sheet 15,1
C3: Formulario 1 - Propuesta económica - Documento tipo de selección abreviada de menor cuantía - versión 3
C4: Código | D4: CCE-EICP-FM-25 | E4: Versión | F4: 3
C6: [La entidad podrá utilizar este formato para la presentación de los análisis de precios unitarios el contratista en la oportunidad prevista en el numeral 8.1. del Documento Base]
D9: MUNICIPIO DE SILVANIA
L10: VERSIÓN
D11: [NÚMERO DEL PROCESO]
L12: PÁGINA | M12: 1 | N12: DE | O12: 1
D14: ANALISIS DE PRECIOS UNITARIOS
L16: FECHA | M16: DD | N16: MM | O16: AA
M17: 20 | N17: 10 | O17: 2025
C18: ITEMS DE LA PROPUESTA ECONÓMICA | I18: ITEMS NO PREVISTOS
E19: X
C22: DATOS ESPECÍFICOS
C24: ITEM | D24: DESCRIPCIÓN | M24: UNIDAD | O24: CANTIDAD
C25: =+'PRESUPUESTO OFICIAL (Entidad)'!D29 -> 15.1 | D25: =+'PRESUPUESTO OFICIAL (Entidad)'!G29 -> RELLENO PARA ESTRUCTURAS | M25: =+'PRESUPUESTO OFICIAL (Entidad)'!H29 -> m3 | O25: =+'PRESUPUESTO OFICIAL (Entidad)'!I29 -> 820
C26: I. EQUIPO
C29: DESCRIPCIÓN | H29: MARCA | J29: TIPO | L29: TARIFA/HORA | M29: RENDIMIENTO | O29: Vr. UNITARIO
C30: VIBROCOMPACTADOR A GASOLINA (RANA) | J30: D | L30: 176701 | M30: 6 | O30: =+L30/M30 -> 29450.167
C31: HERRAMIENTA MENOR | J31: GL | L31: 339.27 | M31: 1 | O31: =+L31/M31 -> 339.27
C33: SUBTOTAL $ | O33: =SUM(O30:O32) -> 29789.437
C34: II. MATERIALES
C37: DESCRIPCIÓN | K37: UNIDAD | L37: CANTIDAD | M37: PRECIO UNIT. | O37: Vr. UNITARIO
C38: RECEBO COMUN | K38: M3 | L38: 1.2 | M38: 23368 | O38: =+L38*M38 -> 28041.6
C39: AGUA | K39: LT | L39: 21 | M39: 72 | O39: =+L39*M39 -> 1512
L40: }
C41: SUBTOTAL $ | O41: =SUM(O38:O40) -> 29553.6
C42: III. TRANSPORTES
C45: MATERIAL | J45: VOL. o PESO | K45: DISTANCIA | L45: M3 o Ton/Km | M45: TARIFA | O45: Vr. UNITARIO
C46: TRANSPORTE DE RECEBO | J46: 1.2 | K46: 26 | L46: =+J46*K46 -> 31.2 | M46: 1735 | O46: =+L46*M46 -> 54132
C48: SUBTOTAL $ | O48: =SUM(O46:O47) -> 54132
C49: IV. MANO DE OBRA
C52: TRABAJADOR | J52: JORNAL | K52: PRESTACIONES | L52: JORNAL TOTAL | M52: RENDIMIENTO | O52: Vr. UNITARIO
C53: AYUDANTE (3) AA | J53: 185055 | K53: 2.2 | L53: =+J53*K53 -> 407121 | M53: 60 | O53: =+L53/M53 -> 6785.35
C57: SUBTOTAL $ | O57: =SUM(O53:O56) -> 6785.35
C59: TOTAL COSTO DIRECTO $ | O59: =ROUND(O33+O41+O48+O57,0) -> 120260
C60: V. COSTOS INDIRECTOS
C63: Descripción | L63: Porcentaje | M63: Valor Total
C64: ADMINISTRACION | L64: 0.25 | M64: =+L64*O59 -> 30065
C65: IMPREVISTOS | L65: 0.03 | M65: =+L65*O59 -> 3607.8
C66: UTILIDAD | L66: 0.05 | M66: =+L66*O59 -> 6013
C67: SUBTOTAL $ | O67: =SUM(M64:N66) -> 39685.8
C69: Precio Unitario Total Aproximado al peso $ | O69: =+ROUND(O59+O67,0) -> 159946
H73: Firma
H74: Nombre:
H75: Representante Legal del Contratista o su Apoderado
H76: Matricula No. :
C78: OBSERVACIONES INTERVENTORÍA
C82: APROBACIÓN POR INTERVENTORÍA
C83: Nota 1: Cuando se trate de Análisis de precios unitarios correspondientes a ítems de la propuesta económica aprobada, el Interventor aprueba el desglose de los componentes manteniendo el mismo precio unitario de cada ítem, cumpliendo con las especificaciones de construcción vigentes para el proyecto.
C85: Nota 2: Cuando se trate de Análisis de precios unitarios de ítems no previstos, el Interventor aprueba el desglose y precio unitario de cada ítem no previsto, exigiendo la aplicación de los costos correspondientes a insumos y tarifas de la propuesta económica inicial cuando estén contemplados, cumpliendo con las especificaciones de construcción vigente para el proyecto.
H88: Firma
H89: Nombre:
H90: Representante Legal del Interventor o su Apoderado
H91: Matricula No. :

Sheet PROPUESTA ECONOMICA(Proponente)
C3: Formulario 1 - Propuesta económica - Documento tipo de licitación de obra pública de infraestructura de transporte - versión 4
C4: Código | D4: CCE-EICP-FM-14 | E4: Versión | F4: 4
C6: FORMULARIO 1
C7: PROPUESTA ECONOMICA
C8: [La entidad puede utilizar este formulario de presentación de propuesta económica de forma detallada, sin perjuicio que la entidad pueda modificarlo o establecer la presentación de la oferta económica con un formulario distinto al indicado.] [Los proponentes emplearán el formulario establecido por la entidad para determinar su propuesta económica conforme al Formulario 1 - Presupuesto Oficial publicado por la Entidad]
C10: Cuando el proceso de contratación es estructurado por precios unitarios, la Entidad debe aplicar las notas 1, 2 y 3 del presente formato y las casillas de "Descripción", "Porcentaje" de la Administración, Imprevisto, Utilidad y total A.I.U. resaltadas en color amarillo.
C12: Nº | D12: ITEM DE PAGO | E12: ESPECIFICACIONES | G12: DESCRIPCION | H12: UND. | I12: CANTIDAD | J12: VALOR UNITARIO | K12: VALOR TOTAL
E13: GENERAL | F13: PARTICULAR
C14: CONSTRUCCIÓN DEL PUENTE VEHICULAR Y PEATONAL DENOMINADO EL PUENTE DE LA MIEL UBICADO ENTRE LA CALLE 9 CON CARRERA 10 DEL MUNICIPIO DE SILVANIA DEPARTAMENTO DE CUNDINAMARCA
C15: 1 | D15: 1.1 | E15: 1.41 | F15: ICCU CONSTRUCCIÓN 1,41 | G15: LOCALIZACIÓN Y REPLANTEO DE CIMIENTOS CON ELEMENTOS DE PRECISIÓN | H15: m2 | I15: 12
C16: 2 | D16: 2.1 | E16: 600.4 | F16: ICCU VIAS 2,12 | G16: EXCAVACIONES VARIAS EN MATERIAL COMÚN SECO (INCLUYE RETIRO DE SOBRANTES A UNA DISTANCIA MENOR DE 5 KM) | H16: m3 | I16: 62.66
C17: 3 | D17: 3.1 | E17: APU 01 | F17: *** | G17: CAISSON EN CONCRETO VACIADO IN SITU, DE DIÁMETRO 1.50 m. CONCRETO CLASE 28 MPa ( 280 Kg./m) INCLUYE excavación manual, anillos en concreto de 21MPa. INCLUYE ACERO DE REFUERZO | H17: m | I17: 107.4
C18: 4 | D18: 4.1 | E18: 630.6 | F18: ICCU VIAS 4,24 | G18: CONCRETO CLASE F, 2000 PSI PARA SOLADOS Y ATRAQUES | H18: m3 | I18: 2.3
C19: 5 | D19: 5.1 | E19: 630,P | F19: ICCU VIAS 4,4 | G19: CONCRETOS f´c =3500 psi (bases) | H19: m3 | I19: 69
C20: 6 | D20: 6.1 | E20: 630,P | F20: ICCU VIAS 4,5 | G20: CONCRETOS f´c =3500 psi (elevaciones) | H20: m3 | I20: 49.72
C21: 7 | D21: 7.1 | E21: 630,P | F21: ICCU VIAS 4,2 | G21: CONCRETOS CLASE C, f´c =4000 psi (placas) | H21: m3 | I21: 180.95
C22: 8 | D22: 8.1 | E22: 630,P | F22: ICCU VIAS 4,12 | G22: SUMINISTRO, TRANSPORTE, FABRICACIÓN, ENSAMBLAJE Y MONTAJE DE ACERO A-588/A-709/A-572 GRADO B | H22: Kg | I22: 175769.19
C23: 9 | D23: 9.1 | E23: APU 02 | F23: *** | G23: PERNOS ACERO INCLUYE TUERCAS | H23: Kg | I23: 1100.13
C24: 10 | D24: 10.1 | E24: 642.1 | F24: ICCU VIAS 4,17 | G24: SUMINISTRO E INSTALACIÓN DE APOYOS ELASTOMÉRICOS | H24: U (dm3) | I24: 135
C25: 11 | D25: 11.1 | E25: 640.1 | F25: ICCU CONSTRUCCIÓN 4,22 | G25: SUMINISTRO FIGURADO Y ARMADO DE ACERO DE REFUERZO 60000 PSI | H25: Kg | I25: 30489.17
C26: 12 | D26: 12.1 | E26: *** | F26: ICCU VIAS 4,20 | G26: DREN TUBERIA PVC SANITARIA , D=4" ( PUENTES) | H26: UNIDAD | I26: 50
C27: 13 | D27: 13.1 | E27: 632,P | F27: ICCU VIAS 4,19 | G27: BARANDA METÁLICA | H27: m | I27: 120
C28: 14 | D28: 14.1 | E28: *** | F28: *** | G28: JUNTA DE DILATACION | H28: m | I28: 16.4
C29: 15 | D29: 15.1 | E29: 610.1 | F29: ICCU VIAS 4,23 | G29: RELLENO PARA ESTRUCTURAS | H29: m3 | I29: 820
C30: SUBTOTAL OBRAS
G32: SUBTOTAL OBRAS (INCLUYE IVA)
G33: VALOR TOTAL
C36: NOTA 1: Se debe tener en cuenta que el PRECIO UNITARIO incluye el valor de A.I.U. | H36: DESCRIPCION | K36: PORCENTAJE
C37: NOTA 2: Cuando la fracción decimal del peso sea igual o superior a 5 se aproximara por exceso al número entero siguiente del peso y cuando la fracción decimal del peso sea inferior a 5 se aproximará por defecto al número entero del peso. | H37: ADMINISTRACION | J37: A= | K37: [Ofrecimiento del Proponente]
C38: NOTA 3: El A.I.U y su discriminación deben estar en porcentaje (%). | H38: IMPREVISTO | J38: I= | K38: [Ofrecimiento del Proponente]
H39: UTILIDAD | J39: U= | K39: [Ofrecimiento del Proponente]
H40: TOTAL A.I.U | J40: A.I.U.= | K40: [Ofrecimiento del Proponente]
G43: Firma del Proponente o de su Representante Legal
